 Dungeon Crawl Stone Soup version 0.28-a0-313-gbc0475efdd (webtiles) character file.

Game seed: 14562477881294521113

312 jdzakarian the Covered (level 6, 0/53 HPs)
             Began as a Hill Orc Fighter on Sept 1, 2021.
             Was an Elder of Zin.
             Slain by a killer bee (5 damage)
             ... on level 6 of the Dungeon.
             The game lasted 00:10:46 (2220 turns).

jdzakarian the Covered (Hill Orc Fighter)           Turns: 2220, Time: 00:10:47

Health: 0/53       AC:  7    Str: 19    XL:     6   Next: 42%
Magic:  6/6        EV:  7    Int:  8    God:    Zin [****..]
Gold:   233        SH:  9    Dex: 12    Spells: 5/5 levels left

rFire   . . .      SeeInvis .   g - +2 flail (protect)
rCold   . . .      Faith    .   c - +0 kite shield
rNeg    . . .      Spirit   .   b - +0 scale mail
rPois   +          Reflect  .   (no helmet)
rElec   .          Harm     .   (no cloak)
rCorr   .          Rampage  .   (no gloves)
Will    .....                   (no boots)
Stlth   ..........              (no amulet)
HPRegen 0.17/turn               f - ring of poison resistance
MPRegen 0.10/turn               (no ring)

@: mighty
A: no striking features
a: Renounce Religion, Recite, Vitalisation, Imprison, Donate Gold


You were on level 6 of the Dungeon.
You worshipped Zin.
Zin was greatly pleased with you.
You visited 1 branch of the dungeon, and saw 4 of its levels.

You collected 258 gold pieces.
You donated 25 gold pieces to Zin.

Inventory:

Hand Weapons
 g - a +2 flail of protection (weapon)
Armour
 b - a +0 scale mail (worn)
 c - a +0 kite shield (worn)
Jewellery
 f - a ring of poison resistance (left hand)
Scrolls
 a - 2 scrolls of identify
 h - a scroll of holy word
 i - 3 scrolls of noise {unknown}
Potions
 d - a potion of might


   Skills:
 + Level 4.3 Fighting
 + Level 0.5 Short Blades
 + Level 3.3(4.5) Axes
 + Level 3.8(4.2) Maces & Flails
 + Level 4.6 Armour
 + Level 0.8 Dodging
 + Level 0.2 Stealth
 + Level 4.4 Shields


You had 5 spell levels left.
You didn't know any spells.
Your spell library contained the following spells:

 Spells                   Type           Power      Damage    Failure   Level
 Passwall                 Tmut/Erth      0%         N/A       100%        2
 Swiftness                Air            0%         N/A       100%        3
 Summon Forest            Summ/Tloc      0%         N/A       100%        5
 Eringya's Noxious Bog    Tmut/Pois      0%         N/A       100%        6
 Invisibility             Hex            0%         N/A       100%        6
 Summon Hydra             Summ           0%         N/A       100%        7


Dungeon Overview and Level Annotations

Branches:
Dungeon (3/15)

Altars:
Zin

Shops:
D:1 (


Message History

You block the killer bee's attack.
The killer bee stings you but does no damage.
You miss the killer bee.
The killer bee is heavily wounded.
The killer bee stings you. You block the killer bee's attack.
The killer bee stings you but does no damage.
You closely miss the killer bee.
The killer bee is heavily wounded.
The killer bee barely misses you. You block the killer bee's attack.
You hit the killer bee.
Your weapon exudes an aura of protection.
The killer bee is heavily wounded.
The killer bee stings you but does no damage.
The killer bee completely misses you. You block the killer bee's attack.
You hit the killer bee.
The killer bee is severely wounded.
The sentinel's mark upon you fades away.
The killer bee stings you but does no damage.
You block the killer bee's attack. The killer bee stings you.
* * * LOW HITPOINT WARNING * * *
You closely miss the killer bee.
The killer bee is severely wounded.
The killer bee stings you.
* * * LOW HITPOINT WARNING * * *
The killer bee stings you but does no damage. x2
You feel very mighty all of a sudden. The killer bee barely misses you. x2
You closely miss the killer bee.
The killer bee is severely wounded.
The killer bee stings you.
* * * LOW HITPOINT WARNING * * *
You block the killer bee's attack.
The killer bee stings you but does no damage.
You can't see any enemies this would affect, really read the scroll of holy word?
Okay, then.
As you read the scroll of fear, it crumbles to dust.
You assume a fearsome visage.
The hound looks frightened!
The killer bee looks frightened! x3
The killer bee stings you.
You die...

... ........>#
.. ########.#
........#
######..# #..#
#..# . #..# #
... #..####.#
.....#.yy@...#
#..yh..y#######.
########.yy.....
.......yy......
#######.####...
#.# . #.# #.#
#.#


You could see a hound (fleeing) and 4 killer bees.

Vanquished Creatures
  2 necrophages (D:6)
  2 hounds (D:6)
  An iguana (D:6)
  A gnoll (D:1)
  A howler monkey skeleton (D:3)
  A worm (D:2)
  2 dart slugs
  An orc (D:3)
  2 goblins
  3 hobgoblins
  4 jackals (D:1)
  A quokka (D:2)
  2 ball pythons
  2 bats
  4 kobolds
  4 rats
33 creatures vanquished.

Notes
Turn   | Place    | Note
-------+----------+-------------------------------------------
     0 | D:1      | jdzakarian the Hill Orc Fighter began the quest for the
                  | Orb.
     0 | D:1      | Reached XP level 1. HP: 19/19 MP: 1/1
   123 | D:1      | Found Kugrienufe's Antique Weapon Emporium.
   177 | D:1      | Reached XP level 2. HP: 26/27 MP: 2/2
   683 | D:1      | Reached XP level 3. HP: 33/33 MP: 3/3
   684 | D:1      | Found a faded altar of an unknown god.
   719 | D:1      | Became a worshipper of Zin the Law-Giver
   719 | D:1      | Reached * piety under Zin
  1116 | D:2      | Reached ** piety under Zin
  1796 | D:3      | Found a glowing silver altar of Zin.
  1809 | D:3      | Reached *** piety under Zin
  1907 | D:3      | You fall into a shaft and drop 3 floors!
  1924 | D:6      | Noticed a necrophage
  1939 | D:6      | Killed a necrophage
  1940 | D:6      | Reached XP level 4. HP: 31/40 MP: 4/4
  1940 | D:6      | Reached XP level 5. HP: 36/46 MP: 5/5
  2141 | D:6      | Noticed a necrophage
  2149 | D:6      | Killed a necrophage
  2150 | D:6      | Reached XP level 6. HP: 50/52 MP: 6/6
  2163 | D:6      | Reached **** piety under Zin
  2220 | D:6      | Slain by a killer bee

Illustrated notes

Levels and vault maps discovered:
D:1:      elethiomel_arrival_infinity_welcomes_careful_drivers, layout_basic,
          hellmonk_ecumenical_altar_crossroads, serial_shops, shop,
          minmay_misc_feat_five
D:2:      layout_rooms, kennysheep_crisscross, kennysheep_generic_room_6
D:3:      layout_loops_ring, amcnicky_altar_gilded, serial_shops, shop,
          nrook_mini_backslash
D:6:      layout_basic, minmay_temple_entry_proselytizer

Skill      XL: |  1  2  3  4  5 |
---------------+----------------+-----
Fighting       | 4 |  4.3
Axes           | 3 |  3.3
Maces & Flails | 2 3 |  3.8
Armour         | 4 |  4.6
Shields        | 4 |  4.4
Short Blades   | |  0.5
Dodging        | |  0.8
Stealth        | |  0.2

Action                   |  1- 3 |  4- 6 || total
-------------------------+-------+-------++-------
Melee: War axe           |    27 |       ||    27
       Short sword       |     8 |       ||     8
       Flail             |    48 |    31 ||    79
  Use: Scroll            |     3 |     4 ||     7
       Potion            |     1 |     1 ||     2
Armor: Scale mail        |    56 |    23 ||    79
Dodge: Dodged            |    34 |    19 ||    53
Block: Kite shield       |    51 |    23 ||    74

Table legend: (Time is in decaauts)
 A = Elapsed time spent in this place.
 B = Non-inter-level travel time spent in this place.
 C = Inter-level travel time spent in this place.
 D = Time resting spent in this place.
 E = Time spent auto-exploring this place.
 F = Levels seen in this place.
 G = Mean time per level.
                   A        B        C        D        E       F      G
               +--------+--------+--------+--------+--------+-----+--------+
         Total |   2275 |   2275 |      0 |      2 |   1581 |   4 |  568.8 |
       Dungeon |   2275 |   2275 |      0 |      2 |   1581 |   4 |  568.8 |
               +--------+--------+--------+--------+--------+-----+--------+

Top non-repeatable levels by time:
     D:1: 1112 daAuts
     D:2: 522 daAuts
     D:6: 329 daAuts
     D:3: 310 daAuts
